 Dungeon Crawl Stone Soup version 0.28-a0-983-g1de4e0787c (webtiles) character file.

Game seed: 2630039622213670763

522 Crownlay the Chiller (level 7, -1/51 HPs)
             Began as a Gnoll Ice Elementalist on Nov 30, 2021.
             Was a Follower of Uskayaw.
             Slain by Grinder (5 damage)
             ... while paralysed by Grinder
             ... in a sewer on Dec 2, 2021.
             The game lasted 00:07:34 (4339 turns).

Crownlay the Chiller (Gnoll Ice Elementalist)       Turns: 4339, Time: 00:07:34

Health: -1/51      AC:  9    Str:  7    XL:     7   Next: 22%
Magic:  6/15       EV:  2    Int: 17    God:    Uskayaw [*.....]
Gold:   191        SH:  0    Dex: 12    Spells: 10/17 levels left

rFire   . . .      SeeInvis .   b - +0 dagger
rCold   . . .      Faith    .   (no shield)
rNeg    . . .      Spirit   .   a - +0 robe
rPois   .          Reflect  .   (no helmet)
rElec   .          Harm     .   (no cloak)
rCorr   .          Rampage  .   (no gloves)
Will    .....                   (no boots)
Stlth   +++.......              c - amulet of the acrobat
HPRegen 0.17/turn               (no ring)
MPRegen 0.14/turn               (no ring)

@: paralysed, ice-armoured
A: fangs 1, strong nose, distributed training
a: Renounce Religion, Stomp


You were in a sewer.
You worshipped Uskayaw.
Uskayaw was noncommittal.
You visited 2 branches of the dungeon, and saw 6 of its levels.
You also visited: Sewer.

You collected 191 gold pieces.

Inventory:

Hand Weapons
 b - a +0 dagger (weapon)
Missiles
 n - 2 boomerangs (quivered)
Armour
 a - a +0 robe (worn)
Jewellery
 c - an amulet of the acrobat (around neck)
Scrolls
 e - a scroll of identify {unknown}
 i - 2 scrolls of holy word
 j - a scroll of immolation {unknown}
 k - a scroll of fear {unknown}
 m - a scroll of magic mapping {unknown}
 p - 2 scrolls of teleportation
Potions
 d - a potion of might {unknown}
 f - 2 potions of attraction {unknown}
 g - 2 potions of haste {unknown}
 h - a potion of mutation {unknown}
 l - 2 potions of resistance {unknown}
 o - a potion of lignification {unknown}
 q - a potion of heal wounds {unknown}


   Skills:
 + Level 2.3 Fighting
 + Level 2.3 Short Blades
 + Level 2.3 Long Blades
 + Level 2.3 Axes
 + Level 2.3 Maces & Flails
 + Level 2.3 Polearms
 + Level 2.3 Staves
 + Level 2.3 Slings
 + Level 2.3 Bows
 + Level 2.3 Crossbows
 + Level 2.3 Throwing
 + Level 2.3 Armour
 + Level 5.2 Dodging
 + Level 4.8 Stealth
 + Level 2.3 Shields
 + Level 2.3 Unarmed Combat
 + Level 5.5 Spellcasting
 + Level 1.9 Conjurations
 + Level 1.9 Hexes
 + Level 1.9 Summonings
 + Level 1.9 Necromancy
 + Level 1.9 Translocations
 + Level 1.9 Transmutations
 + Level 1.9 Fire Magic
 + Level 7.4 Ice Magic
 + Level 1.9 Air Magic
 + Level 1.9 Earth Magic
 + Level 1.9 Poison Magic
 + Level 2.6 Invocations
 + Level 2.3 Evocations


You had 10 spell levels left.
You knew the following spells:

 Your Spells              Type           Power      Damage    Failure   Level
a - Freeze                Ice            100%       1d11      1%          1
b - Frozen Ramparts       Ice            58%        1d7       1%          3
c - Ozocubu's Armour      Ice            29%        N/A       1%          3

Your spell library contained the following spells:

 Spells                   Type           Power      Damage    Failure   Level
 Dazzling Flash           Conj/Hex       22%        N/A       19%         3
 Hailstorm                Conj/Ice       20%        3d6       21%         4
 Agony                    Necr           11%        N/A       86%         5
 Silence                  Hex/Air        5%         N/A       86%         5


Dungeon Overview and Level Annotations

Branches:
Dungeon (5/15)             Temple (1/1) D:4           Sewer (1/1)

Altars:
Ashenzari
Cheibriados
Dithmenos
Fedhas
Hepliaklqana
Kikubaaqudgha
Nemelex Xobeh
Okawaru
Uskayaw
Wu Jian
Yredelemnul
Zin

Annotations:
Sewer Grinder


Innate Abilities, Weirdness & Mutations

You have very sharp teeth.
Your uncanny sense of smell can sniff out nearby items.
Your experience applies equally to all skills.


Message History

Grinder is moderately wounded.
Grinder completely resists.
The wall freezes Grinder but does no damage.
Grinder hits you.
You writhe in agony.
You hit Grinder but do no damage.
Grinder is moderately wounded.
Grinder completely resists.
The wall freezes Grinder but does no damage.
Grinder hits you but does no damage.
You closely miss Grinder.
Grinder is moderately wounded.
You hit Grinder but do no damage.
Grinder is moderately wounded.
Grinder completely resists.
The wall freezes Grinder but does no damage.
Grinder says, "FISH!"
Grinder closely misses you.
You can no longer pass through a line of other dancers.
You hit Grinder but do no damage.
Grinder is moderately wounded.
Grinder resists.
The wall freezes Grinder.
Grinder hits you but does no damage.
You can now pass through a line of other dancers.
You hit Grinder but do no damage.
Grinder is moderately wounded.
Grinder resists.
The wall freezes Grinder.
Grinder gestures at you.
You suddenly lose the ability to move!
The frozen ramparts melt away.
Grinder gestures at you. Pain shoots through your body!
* * * LOW HITPOINT WARNING * * *
Grinder gestures at you. Pain shoots through your body!
* * * LOW HITPOINT WARNING * * *
Grinder barely misses you. x2
You can no longer pass through a line of other dancers.
Grinder hits you.
* * * LOW HITPOINT WARNING * * *
You writhe in agony.
You die...

≈≈#..⌠.⌠..# ..'.......+
∆ ..'.⌠._.⌠.+ ∆∆
'.(..... ∆ ...⌠.. #...
# ####)#############
≈≈≈≈#5@)#≈≈≈≈≈≈#≈≈≈#
≈≈≈≈....))≈≈≈≈≈≈≈≈≈≈#
.....#...#...))(#≈≈≈#
#+#######≈#######'#≈≈≈#
#......#≈≈≈#......#≈≈≈#
#..≈≈..#≈≈≈#..≈≈.≈#.≈≈#
#≈≈≈≈≈...≈...≈≈≈≈≈#≈≈≈#
#≈≈≈≈≈≈#.).#≈≈≈≈≈≈#≈≈≈#
#≈≈≈≈≈≈#...≈≈≈≈≈≈≈#≈≈≈#


You could see Grinder.

Vanquished Creatures
  A scorpion (D:3)
  A wight (Sewer)
  2 orc priests (D:4)
  A hound (D:4)
  Ijyb (D:5)
  An orc wizard (D:4)
  An iguana (D:4)
  A hound skeleton (D:4)
  4 gnolls
  3 adders
  2 shadow imps (Sewer)
  4 ufetubi (Sewer)
  3 worms
  4 dart slugs
  9 orcs
  8 endoplasms
  6 giant cockroaches
  6 goblins
  5 hobgoblins
  7 quokkas
  8 ball pythons
  5 bats
  4 frilled lizards
  30 kobolds
  A kobold zombie (Sewer)
  6 rats
124 creatures vanquished.

Notes
Turn   | Place    | Note
-------+----------+-------------------------------------------
     0 | D:1      | Crownlay the Gnoll Ice Elementalist began the quest for the
                  | Orb.
     0 | D:1      | Reached XP level 1. HP: 13/13 MP: 6/6
   289 | D:1      | Reached XP level 2. HP: 19/19 MP: 4/7
   459 | D:1      | Reached XP level 3. HP: 23/25 MP: 6/9
   466 | D:1      | Reached skill level 5 in Spellcasting
   529 | D:1      | Learned a level 3 spell: Frozen Ramparts
   533 | D:1      | Learned a level 3 spell: Ozocubu's Armour
   866 | D:1      | Found a faded altar of an unknown god.
  1004 | D:2      | Reached skill level 1 in Invocations
  1100 | D:2      | Found an iron altar of Okawaru.
  1176 | D:2      | Reached skill level 1 in Fighting
  1176 | D:2      | Reached skill level 1 in Short Blades
  1176 | D:2      | Reached skill level 1 in Long Blades
  1176 | D:2      | Reached skill level 1 in Axes
  1176 | D:2      | Reached skill level 1 in Maces & Flails
  1176 | D:2      | Reached skill level 1 in Polearms
  1176 | D:2      | Reached skill level 1 in Staves
  1176 | D:2      | Reached skill level 1 in Slings
  1176 | D:2      | Reached skill level 1 in Bows
  1176 | D:2      | Reached skill level 1 in Crossbows
  1176 | D:2      | Reached skill level 1 in Throwing
  1176 | D:2      | Reached skill level 1 in Armour
  1176 | D:2      | Reached skill level 1 in Shields
  1176 | D:2      | Reached skill level 1 in Unarmed Combat
  1176 | D:2      | Reached skill level 1 in Evocations
  1307 | D:2      | Reached XP level 4. HP: 31/32 MP: 6/11
  1926 | D:3      | Reached skill level 1 in Conjurations
  1926 | D:3      | Reached skill level 1 in Hexes
  1926 | D:3      | Reached skill level 1 in Summonings
  1926 | D:3      | Reached skill level 1 in Necromancy
  1926 | D:3      | Reached skill level 1 in Translocations
  1926 | D:3      | Reached skill level 1 in Transmutations
  1926 | D:3      | Reached skill level 1 in Fire Magic
  1926 | D:3      | Reached skill level 1 in Air Magic
  1926 | D:3      | Reached skill level 1 in Earth Magic
  1926 | D:3      | Reached skill level 1 in Poison Magic
  1957 | D:3      | Noticed a scorpion
  1965 | D:3      | Killed a scorpion
  1966 | D:3      | Reached XP level 5. HP: 26/37 MP: 5/12
  2438 | D:3      | Found a broken altar of Ashenzari.
  2648 | D:4      | Found a staircase to the Ecumenical Temple.
  2659 | Temple   | Entered the Ecumenical Temple
  3069 | D:4      | Reached XP level 6. HP: 33/44 MP: 7/13
  3187 | D:4      | Found Wuvuf's Weapon Emporium.
  3345 | D:4      | Reached skill level 5 in Dodging
  3764 | D:5      | Entered Level 5 of the Dungeon
  3768 | D:5      | Found a hide-covered altar of Uskayaw.
  3774 | D:5      | Noticed Ijyb
  3776 | D:5      | Became a worshipper of Uskayaw the Reveller
  3780 | D:5      | Reached * piety under Uskayaw
  3782 | D:5      | Killed Ijyb
  3782 | D:5      | Reached ** piety under Uskayaw
  3789 | D:5      | Found a glowing drain.
  3811 | Sewer    | Entered a sewer
  3858 | Sewer    | Reached XP level 7. HP: 46/50 MP: 8/15
  4200 | Sewer    | Upgraded the game from 0.28-a0-957-g42eb19b844 to
                  | 0.28-a0-983-g1de4e0787c
  4204 | Sewer    | Noticed Grinder
  4207 | Sewer    | Reached *** piety under Uskayaw
  4216 | Sewer    | Reached **** piety under Uskayaw
  4219 | Sewer    | Reached ***** piety under Uskayaw
  4227 | Sewer    | Paralysed by Grinder for 6 turns
  4310 | Sewer    | Found an ancient bone altar of Kikubaaqudgha.
  4334 | Sewer    | Paralysed by Grinder for 6 turns
  4339 | Sewer    | Slain by Grinder

Illustrated notes

Levels and vault maps discovered:
D:1:      nicolae_arrival_washed_ashore, layout_rooms,
          shapermc_ecumenical_altar_notcrosses
D:2:      layout_rooms, basic_altar
D:3:      minmay_inner_zag, layout_rooms, mainiacjoe_overflow_alcove_4,
          minmay_between
D:4:      layout_basic, minmay_temple_entry_statues_pillars, serial_shops,
          nicolae_shop_crystal
D:5:      cheibrodos_two_vegetables, layout_loops_corners, fiery_altar_vehumet,
          nicolae_overflow_crystal_walls, ebering_ghost_sewer_d,
          cheibrodos_sewer_entry_sluice, uniq_ijyb
Temple:   compressed_dpeg_circular_temple
Sewer:    kennysheep_sewer_church

Skill      XL: |  1  2  3  4  5  6 |
---------------+-------------------+-----
Spellcasting   | 5 |  5.5
Invocations    | 1 2 |  2.6
Fighting       | 1 2 |  2.3
Short Blades   | 1 2 |  2.3
Long Blades    | 1 2 |  2.3
Axes           | 1 2 |  2.3
Maces & Flails | 1 2 |  2.3
Polearms       | 1 2 |  2.3
Staves         | 1 2 |  2.3
Slings         | 1 2 |  2.3
Bows           | 1 2 |  2.3
Crossbows      | 1 2 |  2.3
Throwing       | 1 2 |  2.3
Armour         | 1 2 |  2.3
Shields        | 1 2 |  2.3
Unarmed Combat | 1 2 |  2.3
Evocations     | 1 2 |  2.3
Conjurations   | 1 |  1.9
Hexes          | 1 |  1.9
Summonings     | 1 |  1.9
Necromancy     | 1 |  1.9
Translocations | 1 |  1.9
Transmutations | 1 |  1.9
Fire Magic     | 1 |  1.9
Air Magic      | 1 |  1.9
Earth Magic    | 1 |  1.9
Poison Magic   | 1 |  1.9
Dodging        | 5 |  5.2
Stealth        | |  4.8
Ice Magic      | |  7.4

Action                   |  1- 3 |  4- 6 |  7- 9 || total
-------------------------+-------+-------+-------++-------
Melee: Dagger            |    10 |    60 |    53 ||   123
       Unarmed           |     1 |       |       ||     1
       Bite              |       |     7 |     3 ||    10
Throw: Boomerang         |       |   105 |    24 ||   129
 Cast: Freeze            |    44 |    19 |     3 ||    66
       Frozen Ramparts   |       |    18 |     9 ||    27
       Ozocubu's Armour  |       |    13 |     4 ||    17
  Use: Scroll            |       |     2 |       ||     2
 Stab: Sleeping          |     2 |     6 |       ||     8
       Paralysed         |       |       |     1 ||     1
Armor: Robe              |     9 |    14 |    29 ||    52
Dodge: Dodged            |    23 |    65 |    80 ||   168

Table legend: (Time is in decaauts)
 A = Elapsed time spent in this place.
 B = Non-inter-level travel time spent in this place.
 C = Inter-level travel time spent in this place.
 D = Time resting spent in this place.
 E = Time spent auto-exploring this place.
 F = Levels seen in this place.
 G = Mean time per level.
                   A        B        C        D        E       F      G
               +--------+--------+--------+--------+--------+-----+--------+
         Total |   4356 |   4245 |    111 |      0 |   3473 |   7 |  622.3 |
       Dungeon |   3694 |   3607 |     87 |      0 |   2978 |   5 |  738.8 |
        Temple |    133 |    109 |     24 |      0 |    102 |   1 |  133.0 |
         Sewer |    528 |    528 |      0 |      0 |    393 |   1 |  528.0 |
               +--------+--------+--------+--------+--------+-----+--------+

Top non-repeatable levels by time:
     D:3: 1042 daAuts
     D:4: 1030 daAuts
     D:1: 984 daAuts
     D:2: 587 daAuts
   Sewer: 528 daAuts
  Temple: 133 daAuts
     D:5: 50 daAuts
